 Dungeon Crawl Stone Soup version 0.29-a0-341-g24ffce5b50 (webtiles) character file.

Game seed: 11481347103538983486

93 Hubjo the Sneak (level 4, -2/42 HPs)
             Began as a Deep Elf Monk on Apr 20, 2022.
             Slain by Grinder (4 damage)
             ... on level 3 of the Dungeon.
             The game lasted 00:04:07 (2303 turns).

Hubjo the Sneak (Deep Elf Monk)                     Turns: 2303, Time: 00:04:11

Health: -2/42      AC: 22    Str:  8    XL:     4   Next: 37%
Magic:  9/9        EV:  2    Int: 17    God:
Gold:   103        SH:  0    Dex: 17    Spells: 4/7 levels left

rFire   . . .      SeeInvis .   e - +2 whip (venom)
rCold   . . .      Faith    .   (no shield)
rNeg    . . .      Spirit   .   (body armour currently unavailable)
rPois   +          Reflect  .   (helmet currently unavailable)
rElec   .          Harm     .   (cloak currently unavailable)
rCorr   .          Rampage  .   (gloves currently unavailable)
Will    .....      NoTele   +   (boots currently unavailable)
Stlth   +++.......              (no amulet)
HPRegen 0.14/turn               (no ring)
MPRegen 0.11/turn               (no ring)

@: mighty, tree-form
A: stationary, stasis, torment immunity, boosted hp
a: no special abilities


You were on level 3 of the Dungeon.
You were a tree.
You visited 1 branch of the dungeon, and saw 3 of its levels.

You collected 103 gold pieces.

Inventory:

Hand Weapons
 a - a +0 short sword
 c - a +0 dagger of speed
 e - a +2 whip of venom (weapon)
Armour
 b - a +0 robe
 j - a +1 leather armour of fire resistance (melded)
Scrolls
 f - a scroll of teleportation {unknown}
 g - a scroll of noise {unknown}
 h - a scroll of holy word {unknown}
 n - a scroll of magic mapping {unknown}
Potions
 d - a potion of mutation {unknown}
 l - a potion of attraction {unknown}
 m - a potion of might


   Skills:
 + Level 3.0 Fighting
 - Level 3.0 Short Blades
 - Level 3.6 Dodging
 + Level 4.2 Stealth
 + Level 2.3 Spellcasting
 * Level 1.4 Summonings


You had 4 spell levels left.
You knew the following spells:

 Your Spells              Type           Power      Damage    Failure   Level
a - Summon Guardian Gole  Hex/Summ       4%         N/A       38%         3

Your spell library contained the following spells:

 Spells                   Type           Power      Damage    Failure   Level
 Summon Small Mammal      Summ           24%        N/A       11%         1
 Call Canine Familiar     Summ           6%         N/A       30%         3
 Frozen Ramparts          Ice            2%         1d2       50%         3
 Summon Ice Beast         Ice/Summ       4%         N/A       80%         4
 Ice Form                 Ice/Tmut       1%         N/A       88%         4


Dungeon Overview and Level Annotations

Branches:
Dungeon (3/15)

Altars:
Uskayaw

Annotations:
D:3 Grinder


Message History

You hit the hound.
The hound is almost dead.
The hound barely misses you.
You hit the hound.
You kill the hound!
Your Fighting skill increases to level 3!
Your Summonings skill increases to level 1!
You have reached level 4!
You feel clever.
Found 15 stones.
Found 25 stones.
No target in view!
Found a stone staircase leading up.
Grinder comes into view.
Grinder shouts!
An orc comes into view. It is wielding a +0 falchion.
The orc shouts!
You barely miss Grinder. Grinder hits you!
You writhe in agony.
You are too injured to fight recklessly!
You are too injured to fight recklessly!
You are too injured to fight recklessly!
You are too injured to fight recklessly!
As you read the scroll labelled QARIPPIBBO, it crumbles to dust.
The creatures around you are filled with an inner flame!
It was a scroll of immolation.
The orc closely misses you.
Grinder says, "Just stop there for a second..."
Grinder hits you.
* * * LOW HITPOINT WARNING * * *
You writhe in agony.
* * * LOW HITPOINT WARNING * * *
It was a potion of might.
You feel very mighty all of a sudden. The orc closely misses you.
Grinder closely misses you.
It was a potion of lignification.
You turn into a tree.
Your +1 leather armour of fire resistance melds into your body.
You feel less resistant to fire.
Your roots penetrate the ground.
The orc hits you but does no damage. Grinder hits you.
* * * LOW HITPOINT WARNING * * *
You writhe in agony.
You die...

....###.#........###
.....##..........≈≈
##...##.###.##.#.#
.................#
...............#.###
##......###....# ..#
# #......# #.#..#
..#.#.# #......#
#.#..##......#
##+###+#
#.....♣5......
#.#..##o......
#.#... ...###.
#.##.###.<.. #.##.#
..### #.# ..# #.# .#
#. ..


You could see Grinder (inner flame) and an orc (inner flame).

Vanquished Creatures
  A hound (D:3)
  An adder (D:3)
  A worm (D:2)
  A dart slug (D:1)
  4 ball pythons
  3 bats
  5 endoplasms
  2 giant cockroaches
  6 goblins
  5 hobgoblins
  2 jackals (D:1)
  2 quokkas
  2 frilled lizards (D:2)
  7 kobolds
  2 rats (D:1)
44 creatures vanquished.

Notes
Turn   | Place    | Note
-------+----------+-------------------------------------------
     0 | D:1      | Hubjo the Deep Elf Monk began the quest for the Orb.
     0 | D:1      | Reached XP level 1. HP: 13/13 MP: 3/3
   218 | D:1      | Reached skill level 3 in Stealth
   282 | D:1      | Reached skill level 1 in Spellcasting
   282 | D:1      | Reached XP level 2. HP: 18/18 MP: 5/5
   375 | D:1      | Found a faded altar of an unknown god.
   664 | D:1      | Reached XP level 3. HP: 17/22 MP: 7/7
  1252 | D:2      | Learned a level 3 spell: Summon Guardian Golem
  1923 | D:2      | Reached skill level 4 in Stealth
  2082 | D:3      | Found a hide-covered altar of Uskayaw.
  2241 | D:3      | Reached skill level 1 in Summonings
  2241 | D:3      | Reached XP level 4. HP: 27/28 MP: 9/9
  2297 | D:3      | Noticed Grinder
  2303 | D:3      | HP: 2/42 [Grinder (6)]
  2303 | D:3      | Slain by Grinder

Illustrated notes

Levels and vault maps discovered:
D:1:      psy_arrival_fountain, layout_rooms,
          ebering_ecumenical_altar_sacrificial, minmay_misc_feat_nine_boxes
D:2:      layout_loops_ring
D:3:      layout_basic, nicolae_uskayaw_murder_on_the_dancefloor,
          mainiacjoe_overflow_six_doors_small, grunt_decor_cap, uniq_grinder

Skill      XL: |  1  2  3 |
---------------+----------+-----
Stealth        | 3 4 |  4.2
Spellcasting   | 1 2 |  2.3
Fighting       | 3 |  3.0
Summonings     | 1 |  1.4
Short Blades   | |  3.0
Dodging        | |  3.6

Action                   |  1- 3 |  4- 6 || total
-------------------------+-------+-------++-------
Melee: Short sword       |    15 |       ||    15
       Whip              |   107 |     1 ||   108
  Use: Potion            |     1 |     2 ||     3
       Scroll            |       |     1 ||     1
 Stab: Sleeping          |    12 |       ||    12
Armor: Robe              |     6 |       ||     6
       Leather armour    |    18 |       ||    18
       Skin              |       |     1 ||     1
Dodge: Dodged            |    72 |     3 ||    75

Table legend: (Time is in decaauts)
 A = Elapsed time spent in this place.
 B = Non-inter-level travel time spent in this place.
 C = Inter-level travel time spent in this place.
 D = Time resting spent in this place.
 E = Time spent auto-exploring this place.
 F = Levels seen in this place.
 G = Mean time per level.
                   A        B        C        D        E       F      G
               +--------+--------+--------+--------+--------+-----+--------+
         Total |   2311 |   2252 |     59 |      0 |   1844 |   3 |  770.3 |
       Dungeon |   2311 |   2252 |     59 |      0 |   1844 |   3 |  770.3 |
               +--------+--------+--------+--------+--------+-----+--------+

Top non-repeatable levels by time:
     D:2: 1089 daAuts
     D:1: 974 daAuts
     D:3: 247 daAuts
